 Dungeon Crawl Stone Soup version 0.30-a0-585-g93115170b9 (webtiles) character file.

Game seed: 5151485424582713668

126 junb the Twirler (level 5, 41/41 HPs)
             Began as a Formicid Fighter on Jan 2, 2023.
             Quit the game on level 3 of the Dungeon on Jan 3, 2023.
             The game lasted 00:09:34 (2664 turns).

junb the Twirler (Formicid Fighter)                 Turns: 2664, Time: 00:09:35

Health: 41/41      AC: 10    Str: 21    XL:     5   Next: 32%
Magic:  14/14      EV:  9    Int:  9    God:
Gold:   333        SH:  5    Dex: 13    Spells: 4/4 levels left

rFire   . . .      SeeInvis +    a - +0 quarterstaff
rCold   . . .      Faith    .    c - +0 buckler
rNeg    . . .      Spirit   .    b - +0 scale mail
rPois   .          Reflect  .    (helmet unavailable)
rElec   .          Harm     .    w - +1 cloak
rCorr   +          Rampage  .    s - +0 pair of gloves
Will    .....                    (no boots) Stlth
                                 (no amulet)
HPRegen 0.26/turn                l - ring of resist corrosion
MPRegen 0.14/turn                m - ring of magical power

@: no status effects
A: permanent stasis, dig shafts and tunnels, antennae 3, four strong arms
a: Dig, Shaft Self


You were on level 3 of the Dungeon.
You visited 1 branch of the dungeon, and saw 3 of its levels.

You collected 333 gold pieces.

Inventory:

Hand Weapons
 a - a +0 quarterstaff (weapon)
Armour
 b - a +0 scale mail (worn)
 c - a +0 buckler (worn)
 s - a +0 pair of gloves (worn)
 w - a +1 cloak (worn)
Jewellery
 l - a ring of resist corrosion (left hand)
 m - a ring of magical power (right hand)
Wands
 q - a wand of mindburst (16)
 y - a wand of flame (7)
Scrolls
 f - a scroll of brand weapon {unknown}
 i - a scroll of teleportation {unknown}
 k - a scroll of magic mapping {unknown}
 n - a scroll of fog {unknown}
 o - 2 scrolls of vulnerability {unknown}
 p - a scroll of noise {unknown}
 t - a scroll of blinking {unknown}
 x - a scroll of amnesia {unknown}
Potions
 d - 2 potions of might
 e - 3 potions of cancellation
 g - a potion of magic
 h - a potion of degeneration {unknown}
 u - a potion of haste {unknown}
 v - a potion of resistance {unknown}
 z - a potion of heal wounds {unknown}


   Skills:
 - Level 3.2 Fighting
 * Level 5.1 Staves
 - Level 3.2 Armour
 - Level 4.0 Shields


You had 4 spell levels left.
You didn't know any spells.
Your spell library contained the following spells:

 Spells                   Type           Power      Damage    Failure   Level
 Gell's Gravitas          Tloc           0%         N/A       99%         3
 Ozocubu's Armour         Ice            0%         N/A       99%         3
 Teleport Other           Tloc           0%         N/A       99%         3
 Metabolic Englaciation   Hex/Ice        0%         N/A       100%        5
 Dispersal                Tloc           0%         N/A       100%        6
 Simulacrum               Ice/Necr       0%         N/A       100%        6


Dungeon Overview and Level Annotations

Branches:
Dungeon (3/15)

Altars:
Kikubaaqudgha

Annotations:
D:3 3 runed translucent doors, zikan's ghost, amateur KoAr


Innate Abilities, Weirdness & Mutations

You cannot be hasted, slowed, berserked, paralysed or teleported.
You can dig through walls and to a lower floor.
You have a pair of large antennae on your head. (SInv)
Your four strong arms can wield two-handed weapons with a shield.


Message History

You sock the ball python!
You kill the ball python!
You see here a ball python corpse.
y - a wand of flame (7)
You see here a hobgoblin corpse.
You now have 327 gold pieces (gained 14).
z - an amethyst potion You now have 333 gold pieces (gained 6).
Found a stone staircase leading up.
There is a stone staircase leading up here.
Found a stone staircase leading down.
There is a stone staircase leading down here.
There is a stone staircase leading down here.
A bat is nearby!
The kobold shouts!
You hear a shout!
Zikan's ghost turns its malevolent gaze towards you.
The kobold brigand shouts!
The kobold shouts!
You hear a shout! x2
You block the bat's attack. The bat hits you but does no damage.
You closely miss the bat. The bat barely misses you.
You hit the bat.
You kill the bat!
There is a stone staircase leading down here.
As you read the scroll labelled SUOWACWAYZ, it crumbles to dust.
It is a scroll of identify.
e - 3 potions of cancellation
As you read the scroll of identify, it crumbles to dust.
r - 2 potions of attraction
As you read the scroll of identify, it crumbles to dust.
g - a potion of magic You drop 2 potions of attraction.
Saving game... please wait.
Level annotation: 3 runed translucent doors, zikan's ghost, amateur KoAr Welcome back, junb the Formicid Fighter.
Press ? for a list of commands and other information.
Level annotation: 3 runed translucent doors, zikan's ghost, amateur KoAr Welcome back, junb the Formicid Fighter.
Press ? for a list of commands and other information.
Unknown command.
Are you sure you want to abandon this character and quit the game? (Confirm with "yes".)

#.......#
#..###.#####...##.....
#.......# #......#
#...#####.. #########
##.##### #...# #.#
#########.# ###...#
#.# ##.........#
#.....# #..
####...########
#.#...# ### .......#
#.##### # .###...#
########.##### ## .#
#####
#..@.........######.
.#
#..###...###........
.# ####..##....#
#######.# .#
#...........# #.# ##
#.##..#.....#### #.#
#.##..#.#......# #.#
#.##.......###.####
#..
#........##.......#
###
#........##.......# #.


There were no monsters in sight!

Vanquished Creatures
  An orc priest (D:3)
  An orc wizard (D:3)
  4 worms
  3 orcs (D:3)
  4 endoplasms
  3 giant cockroaches
  6 goblins
  6 hobgoblins
  A quokka (D:2)
  3 ball pythons
  3 bats
  8 frilled lizards
  5 kobolds
  10 rats
58 creatures vanquished.

Vanquished Creatures (others)
  2 fungi (D:3)
  A plant (D:3)
3 creatures vanquished.

Grand Total: 61 creatures vanquished

Notes
Turn   | Place    | Note
-------+----------+-------------------------------------------
     0 | D:1      | junb the Formicid Fighter began the quest for the Orb.
     0 | D:1      | Reached XP level 1. HP: 18/18 MP: 1/1
   383 | D:1      | Reached XP level 2. HP: 24/24 MP: 2/2
   449 | D:1      | Reached skill level 3 in Staves
  1153 | D:2      | Reached XP level 3. HP: 29/29 MP: 3/3
  1610 | D:2      | Found an ancient bone altar of Kikubaaqudgha.
  1907 | D:3      | Reached skill level 4 in Staves
  1907 | D:3      | Reached XP level 4. HP: 35/35 MP: 4/4
  2093 | D:3      | Reached skill level 5 in Staves
  2093 | D:3      | Reached XP level 5. HP: 24/41 MP: 5/5
  2277 | D:3      | Found a runed translucent gate.
  2277 | D:3      | Found a runed translucent gate.
  2277 | D:3      | Found a runed translucent gate.
  2282 | D:3      | Noticed zikan's ghost (amateur KoAr)
  2283 | D:3      | Noticed a kobold brigand
  2664 | D:3      | Quit the game

Illustrated notes

Levels and vault maps discovered:
D:1:      dpeg_arrival_brainrot, layout_basic, minmay_distorted
D:2:      layout_basic, basic_altar, chequers_serial_rivers_room_a,
          chequers_big_river, corexii_hall_statues_l, minmay_joined_circles
D:3:      layout_loops_cross, gammafunk_ghost_nasty_kobolds

Skill      XL: |  1  2  3  4 |
---------------+-------------+-----
Staves         | 3 4 5 |  5.1
Fighting       | |  3.2
Armour         | |  3.2
Shields        | |  4.0

Action                   |  1- 3 |  4- 6 || total
-------------------------+-------+-------++-------
Melee: Quarterstaff      |   108 |    49 ||   157
  Use: Scroll            |       |     3 ||     3
Armor: Scale mail        |    40 |    18 ||    58
Dodge: Dodged            |    35 |    11 ||    46
Block: Buckler           |    16 |    10 ||    26

Table legend: (Time is in decaauts)
 A = Elapsed time spent in this place.
 B = Non-inter-level travel time spent in this place.
 C = Inter-level travel time spent in this place.
 D = Time resting spent in this place.
 E = Time spent auto-exploring this place.
 F = Levels seen in this place.
 G = Mean time per level.
                   A        B        C        D        E       F      G
               +--------+--------+--------+--------+--------+-----+--------+
         Total |   2687 |   2604 |     83 |     87 |   1945 |   3 |  895.7 |
       Dungeon |   2687 |   2604 |     83 |     87 |   1945 |   3 |  895.7 |
               +--------+--------+--------+--------+--------+-----+--------+

Top non-repeatable levels by time:
     D:1: 1001 daAuts
     D:2: 859 daAuts
     D:3: 827 daAuts
